AoeStats
← smunk

Arabia

510610590Analyzed
2v2 RM · 1d ago on Oct 1, 2026· 23m 54s· 4 players
Game mode
Random Map
Map size
Medium (4 player)
Population
200
Speed
Normal
Resources
Standard
Victory
Conquest
Starting age
Dark Age
Ending age
Imperial Age
RankedLock teamsTeams togetherTeam positionsShared explorationLock speedFull tech treeHidden civsTurbo modeCheats
Victory
Defeat
🇫🇷 Magyars · France
992
+15
🇫🇷 Spanish · France
974
+15
🇧🇪 Franks · Belgium
961
-41
🇧🇪 Britons · Belgium
957
-44
Stijn Arns
10:42 Feudal Age
11:09 Double-Bit Axe
11:07 Horse Collar
21:47 Castle Age
22:07 Pikeman
smunk
12:41 Feudal Age
14:39 Double-Bit Axe
123
1:17 Loom
11:17 Feudal Age
15:27 Castle Age
14:27 Double-Bit Axe
19:15 Bow Saw
21:03 Horse Collar
Sinhada
9:36 Feudal Age
9:17 Loom
10:23 Double-Bit Axe
11:31 Horse Collar
23:07 Castle Age
22:42 Scale Barding Armor
22:43 Gold Mining
22:43 Stone Mining
24:03 Heavy Plow
24:15 Bow Saw
Connection lost

Rejoining the realm…

Still unreachable

The connection could not be restored.

Session expired

The server has moved on; the page needs a fresh start.